 Dungeon Crawl Stone Soup version 0.29-a0-334-gb41bcbb86e (webtiles) character file.

Game seed: 7682940601760158029

651 Essalna the Magician (level 7, -5/54 HPs)
             Began as a Djinni Conjurer on Apr 15, 2022.
             Slain by Pikel
             ... wielding a +1 whip of freezing
              (10 damage)
             ... on level 4 of the Dungeon.
             The game lasted 00:08:15 (5649 turns).

Essalna the Magician (Djinni Conjurer)              Turns: 5649, Time: 00:08:16

Health: -5/54      AC:  3    Str:  6    XL:     7   Next: 83%
Gold:   165        EV: 11    Int: 21    God:
                   SH:  4    Dex: 12

rFire   + + .      SeeInvis .   d - +2 whip (holy)
rCold   x . .      Faith    .   s - +0 buckler
rNeg    . . .      Spirit   .   a - +0 robe
rPois   ∞          Reflect  .   (no helmet)
rElec   .          Harm     .   (no cloak)
rCorr   .          Rampage  .   m - +0 pair of gloves
Will    .....                   (boots unavailable)
Stlth   ++........              (no amulet)
HPRegen 0.18/turn               (no ring)
MPRegen 0.00/turn               (no ring)

@: swift, flying, very quick
A: sickness immunity, fire resistance 2, cold vulnerability 1, float, innate
caster, HP casting, extra vitality 1
a: no special abilities


You were on level 4 of the Dungeon.
You visited 1 branch of the dungeon, and saw 5 of its levels.

You collected 165 gold pieces.

Inventory:

Hand Weapons
 d - a +2 whip of holy wrath (weapon)
Armour
 a - a +0 robe (worn)
 m - a +0 pair of gloves (worn)
 s - a +0 buckler (worn)
Wands
 q - a wand of iceblast (5)
Scrolls
 b - 3 scrolls of fear {unknown}
 c - 7 scrolls of identify {unknown}
 h - a scroll of magic mapping {unknown}
 i - a scroll of enchant armour {unknown}
 l - a scroll of teleportation {unknown}
 n - a scroll of summoning {unknown}
 p - 2 scrolls of fog {unknown}
 r - a scroll of immolation {unknown}
 t - a scroll of blinking {unknown}
 u - 2 scrolls of enchant weapon {unknown}
Potions
 e - 2 potions of mutation {unknown}
 f - a potion of haste {unknown}
 g - a potion of ambrosia {unknown}
 j - 4 potions of curing {unknown}
 k - 2 potions of lignification {unknown}
 o - a potion of heal wounds {unknown}
 v - a potion of might {unknown}


   Skills:
 + Level 5.1 Fighting
 - Level 2.1 Dodging
 - Level 1.5 Stealth
 + Level 2.2 Shields
 + Level 5.2 Spellcasting


You couldn't memorise any spells.
You knew the following spells:

 Your Spells              Type           Power      Damage    Failure   Level
a - Magic Dart            Conj           100%       1d8       1%          1
b - Searing Ray           Conj           54%        2d6       2%          2
c - Dazzling Flash        Conj/Hex       54%        N/A       4%          3
d - Fulminant Prism       Conj/Hex       13%        3d9       16%         4
e - Iskenderun's Mystic   Conj/Tloc      27%        2d7       16%         4
f - Foxfire               Conj/Fire      100%       2x1d9     1%          1
g - Static Discharge      Conj/Air       27%        N/A       2%          2
h - Swiftness             Air            27%        N/A       4%          3
Your spell library was empty.

Dungeon Overview and Level Annotations

Branches:
Dungeon (5/15)
 Temple: D:4-7

Altars:

Shops:
D:1 [   D:5 (

Annotations:
D:4 Pikel


Innate Abilities, Weirdness & Mutations

You are immune to sickness and miasma.
You are immune to poison.
Your flesh is very heat resistant. (rF++)
You are vulnerable to cold. (rC-)
You float through the air rather than walking.
You learn spells naturally, not from books.
Your magical power is your life essence.
You have superior vitality. (+4 MHP)


Message History

Pikel says, "I knew I should've brought a map."
You block Pikel's attack.
There is a stone staircase leading up here.
Casting: Swiftness (dangerous; 4% risk of failure)
Confirm with . or Enter, or press ? or * to list all spells.
Aiming: Searing Ray (safe; 2% risk of failure)
Press: ? - help, Shift-Dir - straight line, f - Pikel
Aim: Pikel, wielding a +1 whip of freezing and wearing a +2 robe of cold resistance (74% to hit)
Okay, then.
Unknown command.
Pikel hits you with a +1 whip of freezing!
Pikel freezes you.
You fly upwards.
There is a stone staircase leading down here.
Casting: Searing Ray (safe; 2% risk of failure)
Confirm with . or Enter, or press ? or * to list all spells.
Aiming: Searing Ray (safe; 2% risk of failure)
Press: ? - help, Shift-Dir - straight line, f - Pikel
Aim: Pikel, wielding a +1 whip of freezing and wearing a +2 robe of cold resistance (74% to hit)
The searing ray misses Pikel. (Press . to maintain the ray.) Pikel hits you with a +1 whip of freezing.
Pikel freezes you.
The searing ray misses Pikel.
Pikel misses you.
The searing ray hits Pikel but does no damage.
Pikel hits you with a +1 whip of freezing.
Pikel freezes you.
The searing ray hits Pikel.
Pikel is lightly wounded.
You finish channelling your searing ray.
Pikel hits you with a +1 whip of freezing!
* * * LOW HITPOINT WARNING * * *
Pikel freezes you!
* * * LOW HITPOINT WARNING * * *
Casting: Searing Ray (safe; 2% risk of failure)
Confirm with . or Enter, or press ? or * to list all spells.
You feel quick.
* * * LOW HITPOINT WARNING * * *
Pikel hits you with a +1 whip of freezing!
You die...

# #....# #..# ##..# # ## #....#
#..# #...# # .## #....## #..##
#..## # ..###.....## ##...# ##<.#
# ...........#####....## ##...# #
.............#.......####....# #
...........................).# ##
...........................).###.
....<.........).@................
................K................
...............))................
...........>.>..<...............#
............)...#......##......##
............)..#################
............(.## #(............#
##.....).....##


You could see Pikel.

Vanquished Creatures
  An ice beast (D:5)
  A centaur (D:5)
  A phantom (D:5)
  2 lemures (D:5)
  A scorpion (D:4)
  A hound (D:3)
  Natasha (thrice) (D:3)
  An orc wizard (D:5)
  11 adders
  3 gnolls (D:4)
  An ufetubus (D:5)
  3 dart slugs (D:1)
  14 orcs
  4 endoplasms
  2 giant cockroaches (D:4)
  6 goblins
  6 hobgoblins
  3 jackals (D:5)
  A quokka (D:1)
  5 ball pythons
  3 bats
  2 frilled lizards
  6 kobolds
  5 rats
86 creatures vanquished.

Vanquished Creatures (others)
  125 foxfires
125 creatures vanquished.

Grand Total: 211 creatures vanquished

Notes
Turn   | Place    | Note
-------+----------+-------------------------------------------
     0 | D:1      | Essalna the Djinni Conjurer began the quest for the Orb.
     0 | D:1      | Reached XP level 1. HP: 15/15 MP: 0/0
   366 | D:1      | Reached skill level 1 in Fighting
   366 | D:1      | Reached XP level 2. HP: 21/22 MP: 0/0
   478 | D:1      | Found Xuddul's Armour Shop.
  1228 | D:1      | Found a faded altar of an unknown god.
  1390 | D:2      | Reached XP level 3. HP: 25/27 MP: 0/0
  1390 | D:2      | Learned a level 1 spell: Foxfire
  1693 | D:2      | Reached XP level 4. HP: 21/33 MP: 0/0
  3024 | D:4      | Noticed Natasha
  3024 | D:4      | Noticed a scorpion
  3030 | D:3      | Killed Natasha
  3031 | D:3      | Reached XP level 5. HP: 24/40 MP: 0/0
  3031 | D:3      | Learned a level 2 spell: Static Discharge
  3298 | D:3      | Noticed Natasha
  3303 | D:3      | Killed Natasha
  3420 | D:3      | Noticed Natasha
  3424 | D:3      | Killed Natasha
  3456 | D:3      | Reached XP level 6. HP: 23/47 MP: 0/0
  4540 | D:5      | Entered Level 5 of the Dungeon
  4542 | D:5      | Noticed an ice beast
  4545 | D:5      | Killed an ice beast
  4546 | D:5      | Reached skill level 1 in Shields
  4546 | D:5      | Reached XP level 7. HP: 50/53 MP: 0/0
  4546 | D:5      | Learned a level 3 spell: Swiftness
  4552 | D:5      | Reached skill level 5 in Spellcasting
  4739 | D:5      | Reached skill level 5 in Fighting
  5215 | D:5      | Noticed Pikel
  5219 | D:5      | Found Edyifomm's Weapon Boutique.
  5649 | D:4      | Slain by Pikel

Illustrated notes

Levels and vault maps discovered:
D:1:      amcnicky_arrival_double_pillar, layout_basic, serial_shops,
          nicolae_shop_stone, shapermc_ecumenical_altar_hornbeckon
D:2:      layout_basic
D:3:      layout_loops_cross, minmay_misc_feat_square, minmay_statues_item
D:4:      layout_layer_cave, uniq_natasha
D:5:      layout_cave_pools, serial_shops, nicolae_shop_stone,
          due_unseen_surprise, uniq_grinder, uniq_pikel

Skill      XL: |  1  2  3  4  5  6  7 |
---------------+----------------------+-----
Fighting       | 1 2 3 4 5 |  5.1
Spellcasting   | 4 5 |  5.2
Shields        | 1 2 |  2.2
Dodging        | |  2.1
Stealth        | |  1.5

Action                   |  1- 3 |  4- 6 |  7- 9 || total
-------------------------+-------+-------+-------++-------
Melee: Whip              |    15 |       |       ||    15
 Cast: Magic Dart        |    41 |    74 |    20 ||   135
       Foxfire           |     5 |    25 |    44 ||    74
       Searing Ray       |       |     5 |     2 ||     7
       Swiftness         |       |       |     2 ||     2
       Iskenderun's Myst |       |       |     1 ||     1
Armor: Robe              |       |     9 |     3 ||    12
Dodge: Dodged            |    21 |    26 |     6 ||    53
Block: Buckler           |       |       |     2 ||     2

Table legend: (Time is in decaauts)
 A = Elapsed time spent in this place.
 B = Non-inter-level travel time spent in this place.
 C = Inter-level travel time spent in this place.
 D = Time resting spent in this place.
 E = Time spent auto-exploring this place.
 F = Levels seen in this place.
 G = Mean time per level.
                   A        B        C        D        E       F      G
               +--------+--------+--------+--------+--------+-----+--------+
         Total |   5651 |   5211 |    440 |    553 |   4119 |   5 | 1130.2 |
       Dungeon |   5651 |   5211 |    440 |    553 |   4119 |   5 | 1130.2 |
               +--------+--------+--------+--------+--------+-----+--------+

Top non-repeatable levels by time:
     D:3: 1714 daAuts
     D:1: 1339 daAuts
     D:4: 1083 daAuts
     D:2: 823 daAuts
     D:5: 689 daAuts
